 Dungeon Crawl Stone Soup version 0.20.1-1-g8b1a95d (webtiles) character file.

952 Reeggar the Sneak (level 7, -4/52 HPs)
             Began as a Vampire Assassin on Sept 23, 2017.
             Slain by a hound (5 damage)
             ... on level 5 of the Dungeon on Sept 25, 2017.
             The game lasted 00:48:05 (8935 turns).

Reeggar the Sneak (Vampire Assassin)                Turns: 8935, Time: 00:48:06

Health: -4/52      AC:  9    Str: 10    XL:     7   Next: 90%
Magic:  7/7        EV: 10    Int: 13    God:
Gold:   361        SH:  0    Dex: 18    Spells: 6/6 levels left

rFire    . . .     SeeInvis +   a - +2 dagger
rCold    . . .     Gourm    +   (no shield)
rNeg     + . .     Faith    .   j - +0 scale mail
rPois    .         Spirit   .   (no helmet)
rElec    .         Reflect  .   d - +2 cloak
rCorr    .         Harm     .   (no gloves)
MR       .....                  (no boots)
Stlth    ++........             v - amulet of the gourmand
Regen    0.2/turn               (no ring)
MPRegen  0.1/turn               (no ring)

@: lethally poisoned (-4 -> -6)
A: fangs 3, see invisible, unbreathing
a: Bat Form


You were on level 5 of the Dungeon.
You were not thirsty.

You visited 1 branch of the dungeon, and saw 5 of its levels.
You also visited: Sewer.

You collected 361 gold pieces.

Inventory:

Hand Weapons
 a - a +2 dagger (weapon)
 b - a +0 blowgun
 r - a +0 short sword
 t - a -3 rapier
 z - a +1 hand axe of flaming
Missiles
 e - 12 poisoned needles
 f - a curare-tipped needle (quivered)
 k - 4 needles of confusion
Armour
 d - a +2 cloak (worn)
 j - a +0 scale mail (worn)
Jewellery
 v - an amulet of the gourmand (around neck)
 y - a cursed amulet of inaccuracy {unknown}
Wands
 w - a wand of flame (35/48)
 x - a wand of paralysis (16/24)
Scrolls
 h - 2 scrolls of remove curse
 i - 5 scrolls of teleportation
 m - a scroll of amnesia
 n - a scroll of recharging
 o - a scroll of immolation {unknown}
 q - a scroll of fear {unknown}
 s - a scroll of blinking {unknown}
Potions
 c - a potion of ambrosia {unknown}
 p - a potion of magic {unknown}
Comestibles
 l - 5 royal jellies


   Skills:
 + Level 3.4 Fighting
 + Level 5.2 Short Blades
 + Level 4.1 Throwing
 + Level 3.0 Armour
 + Level 3.4 Dodging
 + Level 6.8 Stealth


You had 6 spell levels left.
You didn't know any spells.

Dungeon Overview and Level Annotations

Branches:
Dungeon (5/15)
 Temple: D:4-7

Altars:
Cheibriados
Okawaru
Vehumet

Annotations:
D:2 Natasha


Innate Abilities, Weirdness & Mutations

You have razor-sharp teeth.
You have supernaturally acute eyesight. (SInv)
You can survive without breathing.


Message History

The hound is heavily wounded.
* * * LOW HITPOINT WARNING * * *
You feel sick. The hound bites you but does no damage.
You hit the hound.
The hound is heavily wounded.
The hound barely misses you.
You are too injured to fight recklessly!
Yummy - fresh blood!
The hound bites you but does no damage.
You closely miss the hound.
The hound is heavily wounded.
* * * LOW HITPOINT WARNING * * *
You feel sick. The hound bites you but does no damage.
The hound closely misses you.
You closely miss the hound.
The hound is heavily wounded.
The hound closely misses you.
You hit the hound.
The hound is almost dead.
The hound bites you.
You die...

#...........#######.####.........
#...........#######.####.##.....#
............'...............>...#
###+###.....#######.####.#.......
#.....#######......#......#
#.............##...........
#.............##.####.....# .
#........†h..## #......... #
###.......@..# #.##...... #.
#.......?..# #.......#. .O
#..........# ######..#. #.####
############ ...#.#. #'#.. ..
######.#<.. '.'. ... #.........#
#.## .... ##........[#
.#.###......# ...........#
.#..........# ............


You could see a hound.

Vanquished Creatures
  Menkaure (D:4)
  A phantom (D:5)
  An ogre (D:5)
  A scorpion (D:5)
  A crimson imp (D:5)
  2 orc priests (D:5)
  A hound (D:4)
  4 orc wizards
  Natasha (twice) (D:2)
  A worker ant (D:5)
  A hound skeleton (D:5)
  13 adders
  A shadow imp (D:5)
  2 oozes
  An adder skeleton (D:5)
  3 worms
  3 dart slugs
  6 leopard geckos
  22 orcs
  A giant cockroach (D:1)
  6 goblins
  11 hobgoblins
  13 jackals
  8 kobolds
  5 quokkas
  4 ball pythons
  5 bats
  8 frilled lizards
  A hobgoblin zombie (D:4)
  A quokka skeleton (D:5)
  8 rats
  3 plants
141 creatures vanquished.

Notes
Turn   | Place    | Note
-------+----------+-------------------------------------------
     0 | D:1      | Reeggar the Vampire Assassin began the quest for the Orb.
     0 | D:1      | Reached XP level 1. HP: 16/16 MP: 1/1
     3 | D:1      | Noticed an electric eel
     4 | D:1      | Noticed an electric eel
   126 | D:1      | Reached skill level 6 in Stealth
   230 | D:1      | Reached XP level 2. HP: 3/22 MP: 2/2
  1516 | D:2      | Reached XP level 3. HP: 19/27 MP: 3/3
  2198 | D:2      | Reached XP level 4. HP: 33/33 MP: 4/4
  2200 | D:2      | Found a snail-covered altar of Cheibriados.
  2343 | D:2      | Noticed Natasha
  2358 | D:2      | Killed Natasha
  2577 | D:2      | Noticed Natasha
  2595 | D:2      | Killed Natasha
  3249 | D:2      | Noticed Natasha
  3430 | D:3      | Reached XP level 5. HP: 36/38 MP: 5/5
  3522 | D:3      | Found a glowing drain.
  3528 | Sewer    | Entered a sewer
  5288 | D:3      | Reached XP level 6. HP: 29/46 MP: 6/6
  6149 | D:3      | Reached skill level 1 in Armour
  6433 | D:4      | Found a radiant altar of Vehumet.
  6441 | D:4      | Noticed Menkaure
  6470 | D:4      | Killed Menkaure
  7059 | D:4      | Found an iron altar of Okawaru.
  7608 | D:5      | Entered Level 5 of the Dungeon
  7749 | D:5      | Reached XP level 7. HP: 25/52 MP: 7/7
  8442 | D:5      | Reached skill level 5 in Short Blades
  8930 | D:5      | HP: 2/52 [poisoned by a scorpion]
  8935 | D:5      | Slain by a hound

Skill      XL: |  1  2  3  4  5  6  7 |
---------------+----------------------+-----
Stealth        | 6 |  6.8
Throwing       | 2 3 4 |  4.1
Fighting       | 2 3 |  3.4
Dodging        | 2 3 |  3.4
Short Blades   | 3 4 5 |  5.2
Armour         | 1 3 |  3.0

Action                   |  1- 3 |  4- 6 |  7- 9 || total
-------------------------+-------+-------+-------++-------
Melee: Dagger            |   245 |   405 |   282 ||   932
       Bite              |    23 |    46 |    37 ||   106
       Rapier            |       |    40 |       ||    40
 Fire: Blowgun           |    62 |   137 |    21 ||   220
 Abil: End Transformatio |       |     2 |       ||     2
       Bat Form          |       |     2 |       ||     2
  Use: Scroll            |     8 |     3 |       ||    11
       Potion            |       |    15 |     8 ||    23
 Stab: Sleeping          |     6 |     3 |     1 ||    10
  Eat: Corpse            |       |     1 |       ||     1
Armor: Robe              |    37 |       |       ||    37
       Leather armour    |     7 |    59 |       ||    66
       Scale mail        |       |    90 |   107 ||   197
Dodge: Dodged            |    88 |   198 |   132 ||   418
